 Dungeon Crawl Stone Soup version 0.28-a0-544-g207b005307 (webtiles) character file.

Game seed: 9023752356355666075

1910960 EnegeticOcto the Executioner (level 21, 170/196 (200) HPs)
             Began as a Deep Dwarf Monk on Sept 28, 2021.
             Was the Champion of Ru.
             Escaped with the Orb
             ... and 3 runes!
             The game lasted 01:24:40 (49378 turns).

EnegeticOcto the Executioner (Deep Dwarf Monk)     Turns: 49378, Time: 01:24:41

HP:   170/196 (200) AC: 47    Str: 22    XL:     21   Next: 94%
MP:   23/23         EV: 11    Int: 12    God:    Ru [******]
Gold: 4256          SH:  5    Dex: 15    Spells: 32/32 levels left

rFire   + + +      SeeInvis +   a - +9 battleaxe (vamp)
rCold   + . .      Faith    .   (shield currently unavailable)
rNeg    + . .      Spirit   .   O - +9 gold dragon scales
rPois   +          Reflect  +   i - +2 helmet
rElec   .          Harm     .   M - scarf {repulsion}
rCorr   +          Rampage  .   e - +3 pair of gauntlets of War {Slay+5}
Will    ++++.                   T - +2 pair of boots
Stlth   ..........              K - amulet of Myf Haba {Reflect rPois Dex+2 SH+5}
HPRegen 0.00/turn               d - ring of the Tempest {Contam rF+++ Will+ rCorr SInv}
MPRegen 0.18/turn               g - +4 ring of protection

@: studying Dodging, lightly drained, repel missiles
A: damage resistance, heal wounds, clumsy 1, frail 1, negative energy resistance
1, sense surroundings 3, no stealth, no hexes magic, no poison magic, no
translocations magic, inexperienced 1, missing an eye, no regeneration, dopey 1
0: Orb of Zot
}: 3/15 runes: decaying, silver, gossamer
a: Heal Wounds, Renounce Religion, Draw Out Power, Power Leap, Apocalypse


You escaped.
You worshipped Ru.
Ru was exalted by your worship.
You visited 9 branches of the dungeon, and saw 46 of its levels.
You also visited: Sewer, Gauntlet and Volcano.

You collected 10531 gold pieces.
You spent 6275 gold pieces at shops.

Inventory:

Hand Weapons
 a - a +9 vampiric battleaxe (weapon)
   (You bought it in a shop on level 8 of the Dungeon)
 b - a +9 executioner's axe of freezing
   (You acquired it on level 5 of the Vaults)
 E - a +8 club of distortion
   (You took it off a Killer Klown on level 4 of the Realm of Zot)
Missiles
 n - 2 throwing nets {!f}
 Q - 19 curare-tipped darts (quivered)
Armour
 e - the +3 pair of gauntlets of War (worn) {Slay+5}
   (You found it on level 5 of the Vaults)

   Slay:      It affects your accuracy & damage with ranged weapons and melee
   (+5).
 i - a +2 helmet (worn)
   (You found it on level 6 of the Lair of Beasts)
 M - a scarf of repulsion (worn)
   (You bought it in a shop on level 14 of the Dungeon)
 O - +9 gold dragon scales (worn)
   (You found it on level 4 of the Vaults)
 T - a +2 pair of boots (worn)
   (You found it on level 9 of the Dungeon)
Jewellery
 d - the ring of the Tempest (left hand) {Contam rF+++ Will+ rCorr SInv}
   (You bought it in a shop on level 2 of the Orcish Mines)

   [ring of see invisible]

   rF:        It renders you almost immune to fire.
   SInv:      It lets you see invisible.
   Contam:    It causes magical contamination when unequipped.
   rCorr:     It protects you from acid and corrosion.
   Will:      It increases your willpower.
 g - a +4 ring of protection (right hand)
   (You found it on level 1 of the Dungeon)
 v - the ring of Xidapen {Fly rElec rC+ Will-}
   (You acquired it on level 2 of the Vaults)

   [ring of flight]

   rC:        It protects you from cold.
   rElec:     It insulates you from electricity.
   Fly:       It grants you flight.
   Will:      It decreases your willpower.
 K - the amulet of Myf Haba (around neck) {Reflect rPois Dex+2 SH+5}
   (You found it on level 10 of the Dungeon)

   [amulet of reflection]

   It reflects blocked missile attacks.
   Dex:       It affects your dexterity (+2).
   rPois:     It protects you from poison.
   SH:        It affects your SH (+5).
 W - a ring of protection from cold
   (You found it on level 6 of the Lair of Beasts)
Wands
 f - a wand of mindburst (36)
   (You found it on level 2 of the Lair of Beasts)
 h - a wand of polymorph (8)
   (You found it on level 13 of the Dungeon)
 p - a wand of charming (6)
   (You found it on level 2 of the Lair of Beasts)
 q - a wand of acid (12) {@v1}
   (You found it on level 6 of the Dungeon)
 F - a wand of iceblast (63) {@v2}
   (You found it on level 9 of the Dungeon)
 G - a wand of digging (8) {@v3}
   (You found it on level 3 of the Lair of Beasts)
 Y - a wand of paralysis (17)
   (You found it on level 5 of the Lair of Beasts)
Scrolls
 j - 17 scrolls of teleportation {@r3 !r}
 o - 2 scrolls of summoning
 r - 4 scrolls of vulnerability
 y - 4 scrolls of fog {!r}
 z - 7 scrolls of fear {!r}
 B - a scroll of blinking {@r4}
 C - 2 scrolls of magic mapping {@r5 !r}
 L - a scroll of holy word
 P - a scroll of silence
 U - 5 scrolls of immolation
Potions
 c - 16 potions of curing {@q1 !q}
 k - 2 potions of invisibility
 l - 9 potions of haste {@q4 !q}
 m - 6 potions of magic
 s - 6 potions of heal wounds {@q2 !q}
 u - 3 potions of flight
 x - 3 potions of cancellation
 A - 3 potions of resistance
 D - 8 potions of might {@q3 !q}
 H - 3 potions of berserk rage
 I - 12 potions of lignification {@q6}
 R - 2 potions of attraction
 V - 8 potions of mutation
 X - 6 potions of ambrosia
Miscellaneous
 t - a lightning rod (4/4)
   (You found it on level 5 of the Vaults)
 w - a tin of tremorstones (2/2)
   (You found it on level 3 of the Vaults)
 J - a phial of floods
   (You found it on level 3 of the Depths)
 N - a phantom mirror
   (You found it on level 2 of the Vaults)
 S - a condenser vane
   (You found it on level 6 of the Lair of Beasts)
 Z - a box of beasts
   (You found it on level 5 of the Vaults)


   Skills:
 + Level 21.3 Fighting
 - Level 24.0 Axes
 - Level 12.4 Bows
 - Level 18.1 Armour
 - Level 15.0 Dodging
 - Level 6.0 Spellcasting
 - Level 20.0 Evocations


You had 32 spell levels left.
You didn't know any spells.
Your spell library contained the following spells:

 Spells                   Type           Power      Damage    Failure   Level
 Animate Skeleton         Necr           6%         N/A       99%         1
 Magic Dart               Conj           12%        1d3       99%         1
 Summon Small Mammal      Summ           12%        N/A       99%         1
 Scorch                   Fire           6%         2d5       100%        2
 Searing Ray              Conj           6%         2d4       100%        2
 Static Discharge         Conj/Air       3%         N/A       100%        2
 Call Canine Familiar     Summ           3%         N/A       100%        3
 Frozen Ramparts          Ice            6%         1d2       100%        3
 Ozocubu's Armour         Ice            3%         N/A       100%        3
 Dispel Undead            Necr           3%         3d7       100%        4
 Flame Wave               Conj/Fire      3%         3d3       100%        4
 Ice Form                 Ice/Tmut       3%         N/A       100%        4
 Sticky Flame             Conj/Fire      3%         2d3       100%        4
 Summon Ice Beast         Ice/Summ       3%         N/A       100%        4
 Blade Hands              Tmut           1%         N/A       100%        5
 Excruciating Wounds      Necr           1%         N/A       100%        5
 Irradiate                Conj/Tmut      1%         3d14      100%        5
 Lee's Rapid Deconstruct  Erth           1%         3d5*      100%        5
 Conjure Ball Lightning   Conj/Air       1%         3x3d6     100%        6
 Simulacrum               Ice/Necr       1%         N/A       100%        6
 Starburst                Conj/Fire      1%         6d3       100%        6
 Statue Form              Tmut/Erth      2%         N/A       100%        6
 Summon Cactus Giant      Summ           1%         N/A       100%        6
 Dragon Form              Tmut           1%         N/A       100%        7
 Ozocubu's Refrigeration  Ice            1%         4d5       100%        7
 Ignition                 Fire           1%         3d3       100%        8
 Chain Lightning          Conj/Air       1%         3d2       100%        9
 Fire Storm               Conj/Fire      1%         8d1       100%        9
 Shatter                  Erth           1%         3d6*      100%        9
 Apportation              Tloc           Unusable   N/A       N/A         1
 Dazzling Flash           Conj/Hex       Unusable   N/A       N/A         3
 Portal Projectile        Hex/Tloc       Unusable   N/A       N/A         3
 Fulminant Prism          Conj/Hex       Unusable   3d6       N/A         4
 Iskenderun's Mystic Bla  Conj/Tloc      Unusable   2d3       N/A         4
 Leda's Liquefaction      Hex/Erth       Unusable   N/A       N/A         4
 Olgreb's Toxic Radiance  Pois           Unusable   N/A       N/A         4
 Alistair's Intoxication  Tmut/Pois      Unusable   N/A       N/A         5
 Metabolic Englaciation   Hex/Ice        Unusable   N/A       N/A         5
 Invisibility             Hex            Unusable   N/A       N/A         6
 Discord                  Hex            Unusable   N/A       N/A         8
 Disjunction              Tloc           Unusable   N/A       N/A         8

Dungeon Overview and Level Annotations

Branches:
Dungeon (15/15)            Temple (1/1) D:4            Lair (6/6) D:9
  Swamp (4/4) Lair:3       Spider (4/4) Lair:3        Slime (0/5) Lair:6
    Orc (2/2) D:9             Elf (0/3) Orc:2        Vaults (5/5) D:14
  Crypt (0/3) Vaults:2     Depths (4/4) D:15            Zot (5/5) Depths:4
  Sewer (visited)         Volcano (visited)         Gauntlet (visited)

Altars:
Ashenzari
Cheibriados
Dithmenos
Elyvilon
Fedhas
Gozag
Hepliaklqana
Kikubaaqudgha
Makhleb
Nemelex Xobeh
Okawaru
Qazlal
Ru
Sif Muna
Trog
Uskayaw
Vehumet
Wu Jian
Xom
The Shining One
Beogh
Jiyva

Shops:
D:1 [   D:8 (   D:12 (   D:14 [   D:15 !   Orc:2 [*(=   Vaults:1 :
Vaults:2 *:   Vaults:4 [   Vaults:5 ?   Depths:1 (*[?   Depths:2 =

Portals:
Hell: Depths:1 Depths:2 Depths:3 Depths:4
Abyss: Depths:3
Pandemonium: Depths:2
Ziggurat: Depths:1

Annotations:
D:13 1 runed translucent door
Swamp:2 1 runed translucent door, Esiutuon's ghost, adept DECj


Innate Abilities, Weirdness & Mutations

You are resistant to damage.
You can heal yourself by infusing magical energy.
You are clumsy. (Dex -2)
You are frail. (-10% HP)
You resist negative energy. (rN+)
You passively map a large area around you.
You cannot be stealthy.
You cannot study or cast Hexes magic.
You cannot study or cast Poison magic.
You cannot study or cast Translocations magic.
You are somewhat inexperienced. (-2 XL)
You are missing an eye, making it more difficult to aim.
You do not regenerate.
You are dopey. (Int -2)


Message History

You hit the Executioner but do no damage.
The Executioner is severely wounded.
The Executioner hits you but does no damage.
The Executioner barely misses you. You block the Executioner's attack.
The Executioner is stunned by your conviction and fails to attack.
You slice the Executioner like a ripe choko!!!
You kill the Executioner!
No target in view!
No target in view!
(D) Dungeon (T) Temple (L) Lair (S) Swamp (N) Spider Nest (M) Slime Pits (O) Orcish Mines (E) Elven Halls (V) Vaults (C) Crypt (U) Depths (H) Hell (Z) Zot
Where to? (Enter - D:1 @ (x,y), ? - help)
There is a stone staircase leading up here.
You climb upwards.
There is a stone staircase leading down here.
There is a stone staircase leading up here.
You climb upwards.
There is a stone staircase leading down here.
A hellwing, a lorocyproca, a pandemonium lord and a lich come into view.
Press: ? - help, v - describe, . - travel
Here: Hiwkyavao, armed with an antimagic touch The floor.
Unknown command.
The lich shouts!
The lorocyproca gives a chilling moan.
The hellwing gives a chilling moan.
There is a stone staircase leading up here.
The hellwing swoops through the air toward you!
You block the hellwing's attack.
The hellwing hits you but does no damage.
You climb upwards.
There is a stone staircase leading down here.
You feel much better.
(D) Dungeon (T) Temple (L) Lair (S) Swamp (N) Spider Nest (M) Slime Pits (O) Orcish Mines (E) Elven Halls (V) Vaults (C) Crypt (U) Depths (H) Hell (Z) Zot
Where to? (Enter - D:1 @ (x,y), ? - help)
There is an open door here.
There is an open door, spattered with blood here.
There is an open door here.
There is a stone staircase leading up here.
You climb upwards.
There is a stone staircase leading down here.
There is a stone staircase leading up here.
You see here a scroll of noise.
You climb upwards.
There is a stone staircase leading down here.
There is a stone staircase leading up here.
You climb upwards.
There is a stone staircase leading down here.
A Brimstone Fiend comes into view.
As you read the scroll of holy word, it crumbles to dust.
You speak a Word of immense power!
The Brimstone Fiend convulses!
As you read the scroll of holy word, it crumbles to dust.
You speak a Word of immense power!
The Brimstone Fiend convulses!
The Brimstone Fiend gestures at you.
The sphere of damnation explodes!
The damnation engulfs you!!!
As you read the scroll of holy word, it crumbles to dust.
You speak a Word of immense power!
The Brimstone Fiend convulses!
You kill the Brimstone Fiend!
You feel much better.
(D) Dungeon (T) Temple (L) Lair (S) Swamp (N) Spider Nest (M) Slime Pits (O) Orcish Mines (E) Elven Halls (V) Vaults (C) Crypt (U) Depths (H) Hell (Z) Zot
Where to? (Enter - D:1 @ (x,y), ? - help)
There is a stone staircase leading up here.
You climb upwards.
There is a stone staircase leading down here.
There is a stone staircase leading up here.
You climb upwards.
There is a stone staircase leading down here.
A lorocyproca comes into view.
The lorocyproca moves out of view.
There is a stone staircase leading up here.
You climb upwards.
There is a stone staircase leading down here.
(D) Dungeon (T) Temple (L) Lair (S) Swamp (N) Spider Nest (M) Slime Pits (O) Orcish Mines (E) Elven Halls (V) Vaults (C) Crypt (U) Depths (H) Hell (Z) Zot
Where to? (Enter - D:1 @ (x,y), ? - help)
You see here a +0 club.
A demonic crawler comes into view.
You slash the demonic crawler!
The demonic crawler is lightly wounded.
You slice the demonic crawler!!
The demonic crawler is severely wounded.
You slash the demonic crawler!
You kill the demonic crawler!
No target in view!
(D) Dungeon (T) Temple (L) Lair (S) Swamp (N) Spider Nest (M) Slime Pits (O) Orcish Mines (E) Elven Halls (V) Vaults (C) Crypt (U) Depths (H) Hell (Z) Zot
Where to? (Enter - D:1 @ (x,y), ? - help)
There is a staircase leading out of the dungeon here.
You have escaped!

.######.......#...#........#...#
.## ##...####...##.......#...##
..# ##......##...##.......#.....
..# #....>...#.#.###..#####.....
..# #.......##.#.#....# #.....
♣## #.......##...#...######.....
P# ##.....###...#..............
.#####......###...#########......
.#............#.@.#.#### ##......
...##........######....###.......
.###.........##............######
##...##.....##...########..##
.....##..........# ##..#
≈≈.≈.##.####....## ##.# .≈.≈..#.#
###....## #.## .≈....#.#
#....♣P.# #..#
.....#..###.#....♣♣## ######.##


There were no monsters in sight!

Vanquished Creatures
  An ancient lich (Vaults:5)
  Mara (Vaults:2)
  A juggernaut (Depths:4)
  Saint Roka (Orc:2)
  2 Killer Klowns
  Margery (Depths:3)
  7 golden dragons
  Nikola (Swamp:2)
  2 bone dragons
  Arachne (Spider:3)
  2 walking crystal tomes
  A Brimstone Fiend (D:4)
  11 tentacled monstrosities
  7 Orb Guardians
  2 quicksilver dragons
  A walking divine tome (Depths:3)
  Frances (Swamp:1)
  3 death cobs (Zot:5)
  6 tengu reavers
  2 Executioners
  7 sphinxes
  3 storm dragons
  A thorn hunter (Swamp:2)
  Donald (Spider:3)
  Kirke (D:12)
  2 shadow dragons
  A draconian monk (Zot:5)
  Roxanne (Swamp:3)
  A fenstrider witch (Swamp:1)
  9 frost giants
  An orc warlord (Orc:1)
  6 fire giants
  4 ghost moths (Spider:4)
  3 iron dragons
  2 draconian shifters (Zot:5)
  A draconian scorcher (Depths:4)
  4 emperor scorpions
  Aizul (Swamp:1)
  19 ironbound preservers
  11 vault wardens
  Louise (D:15)
  A draconian stormcaller (Depths:4)
  4 war gargoyles
  21 very ugly things
  3 draconian annihilators
  14 stone giants
  Azrael (Spider:3)
  3 deep elf annihilators (Vaults:5)
  2 black draconians (Depths:4)
  3 green draconians (Depths:4)
  2 deep elf demonologists (Vaults:5)
  A vampire knight (Depths:3)
  3 dire elephants (Vaults:2)
  6 entropy weavers
  5 purple draconians
  5 red draconians
  A white draconian (Zot:5)
  A yellow draconian (Depths:4)
  9 spark wasps
  2 bunyips
  A blizzard demon (D:12)
  3 crystal guardians
  3 jiangshi (Depths:2)
  3 fire dragons
  An ettin (shapeshifter) (Vaults:5)
  4 ironbound thunderhulks
  16 ettins
  7 great orbs of eyes
  5 rakshasas
  8 hydras
  A fire dragon (shapeshifter) (D:15)
  9 yaktaur captains
  6 boulder beetles
  2 deep elf high priests (Vaults:5)
  7 ice dragons
  4 peacekeepers
  4 catoblepae (Lair:6)
  40 vault guards
  2 ghost crabs (Swamp:3)
  An ogre mage (Vaults:5)
  5 centaur warriors
  11 ironbound frosthearts
  2 spriggan air magi
  2 alligators
  3 two-headed ogres
  3 vampire magi
  A dancing weapon (Vaults:5)
  4 deep troll earth magi
  5 tengu warriors
  6 deep troll shamans
  15 death yaks (Lair:6)
  Urug (Orc:2)
  An orc high priest (Orc:2)
  2 shock serpents (shapeshifter)
  16 hell knights
  5 spriggan berserkers
  Sonja (D:11)
  A soul eater (Vaults:2)
  A salamander mystic (Depths:4)
  A shadow wraith (Vaults:5)
  6 iron trolls
  5 skeletal warriors (D:14)
  2 glowing orange brains
  4 goliath frogs
  4 spriggan druids
  3 swamp dragons
  4 flayed ghosts
  52 deep trolls
  A shadow demon (Depths:2)
  3 death drakes
  A deep elf archer (Volcano)
  12 wizards
  12 ironbound convokers
  8 necromancers
  14 orb spiders
  10 lindwurms
  5 harpies (Vaults:1)
  7 bog bodies
  8 orc knights
  2 spectral hydras (Swamp:4)
  Pikel (D:5)
  55 ugly things
  A fire giant zombie (Vaults:1)
  5 phantasmal warriors
  8 deep elf pyromancers
  6 orc sorcerers
  19 wolf spiders
  2 moths of wrath
  5 will-o-the-wisps
  3 cyclopes
  5 manticores
  4 salamanders
  Joseph (D:7)
  A toenail golem (D:14)
  13 elephants
  14 vault sentinels
  2 black mambas
  A smoke demon (Depths:2)
  3 torpor snails
  A fire giant skeleton (Vaults:1)
  2 gargoyles
  A rust devil (Depths:2)
  A yaktaur zombie (Vaults:1)
  2 orange demons (Depths:2)
  15 cane toads
  2 centaur skeletons (D:15)
  Psyche (D:12)
  9 komodo dragons
  A human zombie (Vaults:1)
  An unseen horror (D:11)
  3 freezing wraiths (Vaults:5)
  16 demonic crawlers
  5 rime drakes
  A tormentor (D:13)
  2 tengu conjurers
  35 yaktaurs
  7 swamp worm zombies (Swamp:4)
  A troll (shapeshifter) (D:13)
  7 trolls
  A queen bee (D:10)
  8 tyrant leeches
  4 bloated husks
  37 jumping spiders
  6 hydra zombies (Swamp:4)
  21 hornets
  13 blink frogs
  3 polar bears
  An alligator zombie (Swamp:4)
  5 dream sheep (Lair:5)
  40 slime creatures
  4 spectral swamp dragons (Swamp:4)
  2 centaur simulacra
  4 shadows
  2 water elementals (Depths:1)
  11 wyverns
  87 redbacks
  19 spriggans
  26 tarantellas
  An ettin skeleton (Vaults:1)
  3 vampires
  5 hogs (D:12)
  A wraith (D:7)
  66 yaks
  3 fire bats (Lair:4)
  A human (shapeshifter) (D:14)
  A steam dragon (D:5)
  6 fire elementals
  6 vampire mosquitoes
  3 basilisks
  7 wargs
  3 acid dragons
  15 swamp worms
  5 hell hounds
  19 water moccasins
  A floating eye (Depths:4)
  5 swamp drakes
  42 orc warriors
  2 ice beasts
  A necrophage (D:6)
  4 black bears
  A swamp dragon zombie (Swamp:4)
  14 centaurs
  9 ogres
  26 wolves
  4 kobold brigands
  18 bullfrogs
  A gnoll sergeant (D:9)
  4 scorpions
  2 water moccasin skeletons
  30 killer bees
  3 electric eels
  5 wights (D:8)
  5 centaur zombies
  A jelly (shapeshifter) (Depths:3)
  5 jellies
  A gnoll shaman (D:6)
  26 orc priests
  2 iguanas
  Ijyb (D:3)
  Terence (D:3)
  17 orc wizards
  Natasha (thrice) (D:3)
  12 hell rats
  A hound skeleton (D:4)
  12 gnolls
  11 adders
  A swamp drake zombie (Swamp:4)
  3 river rats (Sewer)
  3 shadow imps
  4 white imps
  An ufetubus (D:5)
  An adder zombie (D:5)
  2 adder skeletons
  4 worms
  5 dart slugs
  81 orcs
  5 endoplasms
  8 giant cockroaches
  8 goblins
  6 hobgoblins
  5 jackals
  25 kobolds
  A quokka (D:3)
  21 ball pythons
  4 bats
  5 frilled lizards
  29 rats
  A fire vortex (D:14)
1791 creatures vanquished.

Vanquished Creatures (collateral kills)
  A Killer Klown (Zot:5)
  An Orb Guardian (Zot:5)
  A draconian annihilator (Zot:5)
  A minotaur (Gauntlet)
  A black draconian (Zot:5)
5 creatures vanquished.

Vanquished Creatures (others)
  A golden dragon (Zot:5)
  A titan (Vaults:5)
  2 sphinxes (Vaults:5)
  A walking frostbound tome (Depths:3)
  A death cob (Zot:5)
  A tengu reaver (Vaults:5)
  A storm dragon (Vaults:5)
  A thorn hunter (Swamp:1)
  A frost giant (Depths:1)
  A vault warden (Vaults:5)
  A draconian annihilator (Depths:4)
  A war gargoyle (Vaults:1)
  A purple draconian (Zot:3)
  A red draconian (Zot:3)
  An eleionoma (Swamp:2)
  2 yaktaur captains (Vaults:5)
  An ironbound thunderhulk (Vaults:2)
  A hydra (Swamp:2)
  A deep troll shaman (Depths:4)
  A spriggan berserker (Depths:4)
  3 deep trolls
  A wizard (Depths:1)
  A phantasmal warrior (Vaults:2)
  A wolf spider (Spider:1)
  A spectral hydra (Swamp:4)
  An orb spider (Spider:1)
  An ironbound convoker (Vaults:1)
  A deep elf pyromancer (Volcano)
  A necromancer (Depths:2)
  An ugly thing (Vaults:1)
  A komodo dragon (Lair:2)
  2 yaktaurs
  A jumping spider (Spider:1)
  2 slime creatures
  2 tarantellas
  7 redbacks
  A wyvern (Lair:2)
  A water elemental (Depths:1)
  An orc warrior (Orc:2)
  An ogre (D:6)
  A centaur (D:12)
  A killer bee (D:11)
  5 orcs
  A bush (D:9)
  10 foxfires
  14 fungi
  43 plants
128 creatures vanquished.

Grand Total: 1924 creatures vanquished

Notes
Turn   | Place    | Note
-------+----------+-------------------------------------------
     0 | D:1      | EnegeticOcto the Deep Dwarf Monk began the quest for the
                  | Orb.
     0 | D:1      | Reached XP level 1. HP: 20/20 MP: 1/1
    65 | D:1      | You fall into a shaft and drop 1 floor!
   230 | D:1      | Reached skill level 4 in Axes
   230 | D:1      | Reached XP level 2. HP: 18/27 MP: 2/2
   233 | D:1      | Found Lerhotas's Armour Shop.
   339 | D:1      | Found a faded altar of an unknown god.
   965 | D:2      | Your magical essence is drained by the effort!
  1004 | D:2      | Found a radiant altar of Vehumet.
  1054 | D:2      | Reached XP level 3. HP: 32/33 MP: 2/2
  1420 | D:2      | Reached skill level 5 in Axes
  1505 | D:3      | Noticed Natasha
  1544 | D:3      | Noticed Ijyb
  1579 | D:3      | Killed Ijyb
  1580 | D:3      | Reached XP level 4. HP: 40/40 MP: 3/3
  1580 | D:3      | Found a shimmering blue altar of Sif Muna.
  1581 | D:3      | Found an ancient bone altar of Kikubaaqudgha.
  1583 | D:3      | Found a radiant altar of Vehumet.
  1590 | D:3      | Got Vehumet's Papyrus of Confrontation
  1711 | D:3      | Killed Natasha
  1728 | D:3      | Reached skill level 6 in Axes
  1729 | D:3      | Found an iron altar of Okawaru.
  1829 | D:3      | Found a burning altar of Makhleb.
  1830 | D:3      | Noticed Natasha
  1840 | D:3      | Killed Natasha
  1841 | D:3      | Reached XP level 5. HP: 46/46 MP: 4/4
  2028 | D:3      | Noticed an ogre
  2038 | D:3      | Killed an ogre
  2039 | D:3      | Reached skill level 7 in Axes
  2070 | D:3      | Found a glowing drain.
  2091 | D:3      | Reached XP level 6. HP: 31/55 MP: 5/5
  2097 | Sewer    | Entered a sewer
  2656 | Sewer    | Reached skill level 8 in Axes
  2820 | D:3      | Noticed Natasha
  2828 | D:3      | Killed Natasha
  2829 | D:3      | Reached XP level 7. HP: 35/61 MP: 6/6
  3023 | D:3      | Noticed Terence
  3026 | D:3      | Your magical essence is drained by the effort!
  3061 | D:3      | Killed Terence
  3062 | D:3      | Reached skill level 9 in Axes
  3407 | D:4      | Reached skill level 3 in Fighting
  3579 | D:4      | Found a staircase to the Ecumenical Temple.
  3585 | Temple   | Entered the Ecumenical Temple
  3676 | Temple   | Became a worshipper of Ru the Awakened
  3685 | Temple   | Gained mutation: You are missing an eye, making it more
                  | difficult to aim. [Ru sacrifice]
  3685 | Temple   | Reached * piety under Ru
  3781 | D:4      | Found a hide-covered altar of Uskayaw.
  4272 | D:4      | Found a bloodstained altar of Trog.
  4275 | D:4      | Found a stormy altar of Qazlal.
  4278 | D:4      | Found a hazy altar of Hepliaklqana.
  4281 | D:4      | Found an opulent altar of Gozag.
  4485 | D:5      | Entered Level 5 of the Dungeon
  4525 | D:5      | Reached skill level 4 in Fighting
  4525 | D:5      | Reached skill level 1 in Spellcasting
  4681 | D:5      | Noticed Pikel
  4777 | D:5      | Killed Pikel
  4778 | D:5      | Reached skill level 5 in Fighting
  4778 | D:5      | Reached skill level 2 in Spellcasting
  4778 | D:5      | Reached skill level 3 in Armour
  4778 | D:5      | Reached XP level 8. HP: 36/74 MP: 6/9
  4879 | D:5      | Found a white marble altar of Elyvilon.
  4931 | D:5      | Reached skill level 4 in Armour
  5263 | D:5      | Reached skill level 6 in Fighting
  5556 | D:5      | Reached skill level 7 in Fighting
  5556 | D:5      | Gained mutation: You passively map the area around you.
                  | [Deep Dwarf growth]
  5556 | D:5      | Reached XP level 9. HP: 56/86 MP: 10/10
  6047 | D:6      | Reached skill level 8 in Fighting
  6116 | D:6      | Reached skill level 1 in Evocations
  6147 | D:6      | Reached skill level 2 in Evocations
  6290 | D:6      | Reached skill level 10 in Axes
  6290 | D:6      | Reached skill level 3 in Evocations
  6787 | D:6      | Reached skill level 11 in Axes
  6991 | D:7      | Noticed Joseph
  7400 | D:7      | Found a sparkling altar of Nemelex Xobeh.
  7666 | D:7      | Gained mutation: You are somewhat inexperienced. (-2 XL)
                  | [Ru sacrifice]
  7666 | D:7      | Reached XP level 8. HP: 77/81 MP: 9/9
  7666 | D:7      | Reached XP level 7. HP: 74/74 MP: 8/8
  7666 | D:7      | Reached ** piety under Ru
  7804 | D:7      | Reached skill level 12 in Axes
  8256 | D:8      | Reached XP level 8. HP: 79/81 MP: 9/9
  8423 | D:8      | Your magical essence is drained by the effort!
  8432 | D:8      | Your magical essence is drained by the effort!
  8578 | D:8      | Found Bamuw's Weapon Shoppe.
  8581 | D:8      | Bought a +2 vorpal battleaxe for 282 gold pieces
  8734 | D:8      | Your magical essence is drained by the effort!
  8738 | D:8      | Reached skill level 13 in Axes
  9281 | D:9      | Reached skill level 14 in Axes
  9298 | D:9      | Found a staircase to the Lair.
  9431 | D:9      | Identified the +5 trident of the Blowfly {vorpal, Str+2}
  9737 | D:9      | Reached skill level 15 in Axes
  9804 | D:9      | Your magical essence is drained by the effort!
  9904 | D:9      | Found a staircase to the Orcish Mines.
  9923 | D:9      | Gained mutation: You cannot be stealthy. [Ru sacrifice]
  9923 | D:9      | Reduced skill Stealth to level 0
  9923 | D:9      | Reached *** piety under Ru
 10200 | D:9      | Reached XP level 9. HP: 63/85 MP: 6/6
 10256 | D:10     | Entered Level 10 of the Dungeon
 10330 | D:10     | Identified the amulet of Myf Haba {Reflect rPois Dex+2
                  | SH+5}
 10449 | D:10     | Noticed a two-headed ogre
 10461 | D:10     | Killed a two-headed ogre
 10462 | D:10     | Reached skill level 16 in Axes
 10519 | D:10     | Found an ornate altar of the Wu Jian Council.
 10961 | Lair:1   | Entered Level 1 of the Lair of Beasts
 11207 | Lair:1   | Reached skill level 17 in Axes
 11336 | Lair:1   | Noticed a seven-headed hydra
 11358 | Lair:1   | Killed a seven-headed hydra
 11701 | Lair:2   | Reached skill level 18 in Axes
 11777 | Lair:2   | Gained mutation: You cannot study or cast Poison magic. [Ru
                  | sacrifice]
 11777 | Lair:2   | Gained mutation: You cannot study or cast Hexes magic. [Ru
                  | sacrifice]
 11777 | Lair:2   | Gained mutation: You cannot study or cast Translocations
                  | magic. [Ru sacrifice]
 11777 | Lair:2   | Reached **** piety under Ru
 11828 | Lair:2   | Reached XP level 10. HP: 72/92 MP: 7/7
 12073 | Lair:2   | Reached skill level 4 in Dodging
 12465 | Lair:3   | Found a staircase to the Swamp.
 12512 | Lair:3   | Found a gate leading to a gauntlet.
 12520 | Gauntlet | Entered a Gauntlet
 12520 | Gauntlet | Found a transporter.
 12520 | Gauntlet | Found a runed translucent door.
 12521 | Gauntlet | Found a runed translucent door.
 12525 | Gauntlet | Found a transporter.
 12529 | Gauntlet | Found a transporter.
 12536 | Gauntlet | Found a runed translucent door.
 12539 | Gauntlet | Found a transporter.
 12541 | Gauntlet | Found a transporter.
 12553 | Gauntlet | Found a transporter.
 12554 | Gauntlet | Found a transporter.
 12559 | Gauntlet | Found a runed translucent gate.
 12561 | Gauntlet | Found a transporter.
 12562 | Gauntlet | Found a runed translucent gate.
 12563 | Gauntlet | Found a runed translucent gate.
 12565 | Gauntlet | Found a transporter.
 12573 | Gauntlet | Found a transporter.
 12594 | Gauntlet | Found a transporter.
 12606 | Gauntlet | Found a transporter.
 12617 | Gauntlet | Noticed a minotaur
 12619 | Gauntlet | Found a transporter.
 12632 | Gauntlet | Found a transporter.
 12698 | Gauntlet | Killed a minotaur
 12902 | Lair:3   | Found a hole to the Spider Nest.
 12961 | Lair:3   | Reached skill level 19 in Axes
 13004 | Lair:3   | Reached skill level 5 in Dodging
 13032 | Lair:3   | Noticed an eight-headed hydra
 13054 | Lair:3   | Killed an eight-headed hydra
 13447 | Lair:4   | Reached skill level 9 in Fighting
 13450 | Lair:4   | Reached skill level 6 in Dodging
 13478 | Lair:4   | Gained mutation: You are frail. (-10% HP) [Ru sacrifice]
 13478 | Lair:4   | Reached ***** piety under Ru
 13537 | Lair:4   | Found a dark tunnel.
 13548 | Volcano  | Entered a volcano
 13643 | Volcano  | Reached XP level 11. HP: 88/95 MP: 8/8
 13934 | Lair:4   | Reached skill level 20 in Axes
 13934 | Lair:4   | Reached skill level 7 in Dodging
 14099 | Lair:4   | Reached skill level 10 in Fighting
 14865 | Lair:5   | Reached skill level 11 in Fighting
 15198 | Lair:6   | Entered Level 6 of the Lair of Beasts
 15222 | Lair:6   | Reached skill level 12 in Fighting
 15235 | Lair:6   | Reached skill level 4 in Evocations
 15303 | Lair:6   | Gained mutation: You are clumsy. (Dex -2) [Ru sacrifice]
 15303 | Lair:6   | Reached ****** piety under Ru
 15319 | Lair:6   | Reached skill level 5 in Armour
 15335 | Lair:6   | Reached skill level 5 in Evocations
 15352 | Lair:6   | Reached skill level 6 in Evocations
 15353 | Lair:6   | Reached skill level 6 in Armour
 15472 | Lair:6   | Reached skill level 7 in Evocations
 15503 | Lair:6   | Reached XP level 12. HP: 104/108 MP: 9/9
 15521 | Lair:6   | Reached skill level 7 in Armour
 15594 | Lair:6   | Reached skill level 8 in Evocations
 15612 | Lair:6   | Reached skill level 8 in Armour
 15676 | Lair:6   | Found the +8 longbow "Zephyr" {speed, Dex+3 SInv}
 15782 | Lair:6   | Reached skill level 1 in Bows
 15793 | Lair:6   | Reached skill level 2 in Bows
 15797 | Lair:6   | Reached skill level 9 in Armour
 15938 | Lair:6   | Found a viscous altar of Jiyva.
 15939 | Lair:6   | Found a staircase to the Slime Pits.
 15972 | Lair:6   | Reached skill level 3 in Bows
 16719 | D:7      | Killed Joseph
 17293 | D:11     | Reached skill level 4 in Bows
 17369 | D:11     | Noticed Sonja
 17376 | D:11     | Killed Sonja
 18049 | Orc:1    | Entered Level 1 of the Orcish Mines
 18130 | Orc:1    | Reached skill level 10 in Armour
 18184 | Orc:1    | Reached skill level 5 in Bows
 18328 | Orc:2    | Entered Level 2 of the Orcish Mines
 18354 | Orc:1    | Noticed an orc warlord
 18361 | Orc:1    | Killed an orc warlord
 18872 | Orc:2    | Reached skill level 6 in Bows
 18894 | Orc:2    | Noticed Saint Roka
 18904 | Orc:2    | Found a staircase to the Elven Halls.
 18927 | Orc:2    | Killed Saint Roka
 19086 | Orc:2    | Reached XP level 13. HP: 81/98 MP: 10/10
 19089 | Orc:2    | Noticed Urug
 19097 | Orc:2    | Killed Urug
 19137 | Orc:2    | Reached skill level 7 in Bows
 19162 | Orc:2    | Found Tiaty's Antique Weapon Shop.
 19196 | Orc:2    | Found Tawauzxa's Antique Armour Shop.
 19364 | Orc:2    | Found Zifyru's Jewellery Shop.
 19810 | Orc:2    | Found Pukkar's General Store.
 19816 | Orc:2    | Bought a potion of mutation for 136 gold pieces
 19816 | Orc:2    | Bought a scroll of holy word for 127 gold pieces
 19816 | Orc:2    | Bought a scroll of brand weapon for 340 gold pieces
 19816 | Orc:2    | Bought a wand of iceblast (3) for 119 gold pieces
 19816 | Orc:2    | Bought a scroll of enchant armour for 127 gold pieces
 19835 | Orc:2    | Bought an ichor-stained chain mail for 285 gold pieces
 19835 | Orc:2    | Identified the +8 chain mail of Fun {Will+ Dex+5} (You
                  | bought it in a shop on level 2 of the Orcish Mines)
 20360 | D:12     | Noticed Kirke
 20376 | D:12     | Killed Kirke
 20579 | D:12     | Reached skill level 8 in Bows
 20675 | D:12     | Identified the +2 spear of Efutux {freeze, rElec}
 20695 | D:12     | Noticed Psyche
 20702 | D:12     | Killed Psyche
 20737 | D:12     | Found Hitaga's Weapon Boutique.
 21448 | D:13     | Found a runed translucent door.
 21598 | D:13     | You fall into a shaft and drop 1 floor!
 21607 | D:14     | Reached skill level 9 in Bows
 22305 | D:14     | Found a hide-covered altar of Uskayaw.
 22330 | D:14     | Identified the +11 long sword "Omesk" {vorpal, Int+5
                  | Stlth+}
 22483 | D:14     | Reached skill level 10 in Bows
 22588 | D:14     | Found Xapnoog's Antique Armour Shoppe.
 22604 | D:14     | Identified a scroll of acquirement
 22610 | D:14     | Bought a glowing scarf for 248 gold pieces
 22613 | D:14     | Acquired a manual of Evocations
 22857 | D:14     | Found a gate to the Vaults.
 23081 | D:15     | Entered Level 15 of the Dungeon
 23082 | D:15     | Noticed Louise
 23092 | D:15     | Killed Louise
 23440 | D:15     | Reached skill level 11 in Bows
 23619 | D:15     | Identified the +0 ring mail of Masege {Contam rF+++ Will+++
                  | Str-4}
 23663 | D:15     | Your magical essence is drained by the effort!
 23685 | D:15     | Found Uxeyph's Distillery.
 23702 | D:15     | Bought a potion of cancellation for 120 gold pieces
 23702 | D:15     | Bought a potion of heal wounds for 75 gold pieces
 23702 | D:15     | Bought a potion of heal wounds for 75 gold pieces
 23702 | D:15     | Bought a potion of resistance for 150 gold pieces
 23924 | D:15     | Gained mutation: You resist negative energy. (rN+) [Deep
                  | Dwarf growth]
 23924 | D:15     | Reached XP level 14. HP: 94/108 MP: 10/10
 24033 | D:15     | Found a staircase to the Depths.
 24080 | D:15     | Found a blossoming altar of Fedhas.
 24411 | Swamp:1  | Entered Level 1 of the Swamp
 24680 | Swamp:1  | Noticed a thorn hunter
 24695 | Swamp:1  | Killed a thorn hunter
 24827 | Swamp:1  | Noticed Frances
 25367 | Swamp:1  | Killed Frances
 25430 | Swamp:1  | Acquired 699 gold pieces
 25432 | Swamp:1  | Acquired 1028 gold pieces
 25472 | Swamp:1  | Noticed Aizul
 25488 | Swamp:1  | Killed Aizul
 25489 | Swamp:1  | Reached skill level 12 in Bows
 25963 | Swamp:1  | Paralysed by a hornet for 3 turns
 26283 | Swamp:2  | Noticed a thorn hunter
 26293 | Swamp:2  | Reached skill level 9 in Evocations
 26296 | Swamp:2  | Killed a thorn hunter
 26420 | Swamp:2  | Noticed Nikola
 26433 | Swamp:2  | Killed Nikola
 26456 | Swamp:2  | Reached skill level 10 in Evocations
 26543 | Swamp:2  | Found a runed translucent door.
 26546 | Swamp:2  | Identified the +9 spear of the Apocalypse {venom, Dex+2}
 26546 | Swamp:2  | Identified the ring of the Iron Devil {rC- rN+++ EV+4 Dex+6
                  | Slay+3}
 26569 | Swamp:2  | Noticed Esiutuon's ghost (adept DECj)
 26761 | Swamp:2  | Reached skill level 11 in Evocations
 27087 | Swamp:3  | Noticed Roxanne
 27161 | Swamp:3  | Killed Roxanne
 27162 | Swamp:3  | Reached skill level 12 in Evocations
 27697 | Swamp:4  | Entered Level 4 of the Swamp
 27710 | Swamp:4  | Reached skill level 13 in Fighting
 27710 | Swamp:4  | Reached skill level 13 in Evocations
 28862 | Swamp:4  | Reached skill level 3 in Spellcasting
 29759 | Swamp:4  | Reached skill level 14 in Evocations
 29770 | Swamp:4  | Noticed a bone dragon
 29793 | Swamp:4  | Killed a bone dragon
 29794 | Swamp:4  | Reached XP level 15. HP: 126/129 MP: 11/13
 29810 | Swamp:4  | Got a decaying rune of Zot
 29931 | Spider:1 | Entered Level 1 of the Spider Nest
 29974 | Spider:1 | Reached skill level 8 in Dodging
 30517 | Spider:2 | Reached skill level 4 in Spellcasting
 30756 | Spider:2 | Reached skill level 15 in Evocations
 31210 | Spider:3 | Noticed Azrael
 31212 | Spider:3 | Reached skill level 9 in Dodging
 31234 | Spider:3 | Killed Azrael
 31252 | Spider:3 | Noticed Donald
 31281 | Spider:3 | Killed Donald
 31282 | Spider:3 | Reached skill level 5 in Spellcasting
 31282 | Spider:3 | Reached skill level 16 in Evocations
 31303 | Spider:3 | Noticed Arachne
 31314 | Spider:3 | Killed Arachne
 31607 | Spider:4 | Entered Level 4 of the Spider Nest
 31625 | Spider:4 | Paralysed by a hornet for 1 turns
 31633 | Spider:3 | Reached skill level 14 in Fighting
 31948 | Spider:4 | Reached skill level 17 in Evocations
 31971 | Spider:4 | Reached skill level 10 in Dodging
 32218 | Spider:4 | Reached skill level 6 in Spellcasting
 32363 | Spider:4 | Reached XP level 16. HP: 144/144 MP: 0/18
 32383 | Spider:4 | Reached skill level 18 in Evocations
 32667 | Spider:4 | Got a gossamer rune of Zot
 33170 | Vaults:1 | Entered Level 1 of the Vaults
 33218 | Vaults:1 | Reached skill level 11 in Dodging
 33496 | Vaults:1 | Reached skill level 15 in Fighting
 33595 | Vaults:1 | Reached skill level 12 in Dodging
 33627 | Vaults:1 | Found Vobregoc's Book Boutique.
 34156 | Vaults:1 | Reached skill level 13 in Dodging
 34299 | Vaults:2 | Reached skill level 16 in Fighting
 34310 | Vaults:2 | Acquired the ring of Xidapen {Fly rElec rC+ Will-}
 34313 | Vaults:2 | Found a staircase to the Crypt.
 34673 | Vaults:2 | Reached XP level 17. HP: 156/157 MP: 19/19
 34673 | Vaults:2 | Found the ring of the Hare {EV+8}
 34840 | Vaults:2 | Noticed Mara
 34856 | Vaults:2 | Killed Mara
 34870 | Vaults:2 | Reached skill level 17 in Fighting
 34901 | Vaults:2 | Found Laebb's Book Emporium.
 34904 | Vaults:2 | Found Murax's Assorted Antiques.
 34919 | Vaults:2 | Bought a wand of digging (5) for 200 gold pieces
 35746 | Vaults:3 | Reached skill level 19 in Evocations
 36389 | Vaults:3 | Reached skill level 18 in Fighting
 36394 | Vaults:3 | Reached skill level 20 in Evocations
 37530 | Vaults:4 | Found Raymab's Armour Boutique.
 37651 | Vaults:4 | Reached skill level 19 in Fighting
 37874 | Vaults:5 | Entered Level 5 of the Vaults
 37885 | Vaults:5 | Gained mutation: You passively map a large area around you.
                  | [Deep Dwarf growth]
 37885 | Vaults:5 | Reached XP level 18. HP: 172/172 MP: 20/20
 37907 | Vaults:5 | Noticed a golden dragon
 37926 | Vaults:4 | Killed a golden dragon
 38368 | Orc:2    | Bought the ring of the Tempest {Contam rF+++ Will+ rCorr
                  | SInv} for 939 gold pieces
 38779 | Vaults:5 | Noticed a golden dragon
 38795 | Vaults:5 | Killed a golden dragon
 38826 | Vaults:5 | Reached skill level 20 in Fighting
 38827 | Vaults:5 | Noticed a golden dragon
 38847 | Vaults:5 | Killed a golden dragon
 38848 | Vaults:5 | Reached skill level 11 in Armour
 38933 | Vaults:5 | Reached skill level 12 in Armour
 38957 | Vaults:5 | Identified the +10 plate armour of Noon {rC++ rN++ rCorr}
 39188 | Vaults:5 | Reached skill level 13 in Armour
 39470 | Vaults:5 | Found Leexeke's Magic Scroll Shoppe.
 39478 | Vaults:5 | Bought a scroll of blinking for 165 gold pieces
 39478 | Vaults:5 | Bought a scroll of teleportation for 66 gold pieces
 39478 | Vaults:5 | Bought a scroll of vulnerability for 165 gold pieces
 39478 | Vaults:5 | Bought a scroll of blinking for 165 gold pieces
 39478 | Vaults:5 | Bought a scroll of magic mapping for 77 gold pieces
 39508 | Vaults:5 | Reached skill level 14 in Armour
 39613 | Vaults:5 | Identified the +3 war axe "Xeicih" {freeze, SInv}
 39714 | Vaults:5 | Noticed a golden dragon
 39724 | Vaults:5 | Killed a golden dragon
 39729 | Vaults:5 | Found the +3 pair of gauntlets of War {Slay+5}
 39751 | Vaults:5 | Acquired a +3 executioner's axe of flaming
 39752 | Vaults:5 | Acquired 1007 gold pieces
 39839 | Vaults:5 | Reached skill level 15 in Armour
 39936 | Vaults:5 | Reached XP level 19. HP: 181/181 MP: 21/21
 40042 | Vaults:5 | Got a silver rune of Zot
 40048 | Vaults:5 | Noticed an ancient lich
 40074 | Vaults:5 | Killed an ancient lich
 40457 | Vaults:5 | Identified the +3 war axe of Jowkurr {vorpal, *Noise rPois
                  | rN++}
 40906 | Vaults:5 | Bought a scroll of brand weapon for 440 gold pieces
 41150 | Depths:1 | Entered Level 1 of the Depths
 41546 | Depths:1 | Found a gateway to Hell.
 41686 | Depths:1 | Found a gateway to a ziggurat.
 41735 | Depths:1 | Reached skill level 16 in Armour
 41826 | Depths:1 | Found Fibboluh's Armour Shoppe.
 41826 | Depths:1 | Found Piruoge's Assorted Antiques.
 41827 | Depths:1 | Found Yteimuf's Antique Weapon Emporium.
 41829 | Depths:1 | Found Daek's Magic Scroll Shoppe.
 41846 | Depths:1 | Bought a scroll of teleportation for 66 gold pieces
 41846 | Depths:1 | Bought 2 potions of mutation for 352 gold pieces
 41846 | Depths:1 | Bought a potion of mutation for 176 gold pieces
 41846 | Depths:1 | Bought a potion of mutation for 176 gold pieces
 41849 | Depths:1 | Bought 3 scrolls of brand weapon for 840 gold pieces
 41849 | Depths:1 | Bought a scroll of fog for 28 gold pieces
 41849 | Depths:1 | Bought a scroll of summoning for 133 gold pieces
 41849 | Depths:1 | Bought a scroll of silence for 105 gold pieces
 41849 | Depths:1 | Bought a scroll of magic mapping for 49 gold pieces
 41849 | Depths:1 | Bought a scroll of magic mapping for 49 gold pieces
 42267 | Depths:1 | Reached skill level 21 in Axes
 42588 | Depths:2 | You fall into a shaft and drop 1 floor!
 42800 | Depths:3 | Found a one-way gate to the infinite horrors of the Abyss.
 42821 | Depths:3 | Reached skill level 17 in Armour
 43381 | Depths:3 | Noticed a golden dragon
 43401 | Depths:3 | Killed a golden dragon
 43439 | Depths:3 | Noticed Margery
 43455 | Depths:3 | Killed Margery
 43622 | Depths:4 | Entered Level 4 of the Depths
 43651 | Depths:2 | Noticed a golden dragon
 43660 | Depths:2 | Killed a golden dragon
 43786 | Depths:2 | Reached skill level 22 in Axes
 43786 | Depths:2 | Reached skill level 18 in Armour
 43786 | Depths:2 | Reached XP level 20. HP: 189/189 MP: 22/22
 43815 | Depths:2 | Reached XP level 21. HP: 197/197 MP: 23/23
 43954 | Depths:2 | Found a one-way gate leading to the halls of Pandemonium.
 43980 | Depths:2 | Acquired a manual of Dodging
 44119 | Depths:2 | Found Veuc Qomn's Jewellery Shop.
 44518 | Depths:2 | Identified the +6 hand axe of Peing {drain, rF+ rC- Str+3}
 44800 | Depths:4 | Paralysed by a floating eye for 3 turns
 44823 | Depths:4 | Reached skill level 14 in Dodging
 45089 | Depths:4 | Found a gate to the Realm of Zot.
 45122 | Depths:4 | Reached skill level 15 in Dodging
 45126 | Depths:4 | Reached skill level 23 in Axes
 45443 | Depths:4 | Noticed a juggernaut
 45453 | Depths:4 | Killed a juggernaut
 46065 | Zot:1    | Entered Level 1 of the Realm of Zot
 46373 | Zot:3    | Reached skill level 24 in Axes
 46603 | Zot:4    | Noticed a Killer Klown
 46616 | Zot:4    | Killed a Killer Klown
 46766 | Zot:5    | Entered Level 5 of the Realm of Zot
 46819 | Zot:5    | Noticed a Killer Klown
 46849 | Zot:5    | Killed a Killer Klown
 47036 | Zot:5    | Identified the +5 rapier of Obsession {vorpal, rPois Str+2
                  | SInv}
 48802 | Zot:5    | Noticed an ancient lich
 48803 | Zot:5    | Noticed a curse toe
 48804 | Zot:5    | Noticed a Killer Klown
 48804 | Zot:5    | Noticed a Killer Klown
 48804 | Zot:5    | Noticed an orb of fire
 48804 | Zot:5    | Gained mutation: You are dopey. (Int -2) [an orb of fire]
 48804 | Zot:5    | Noticed an orb of fire
 48805 | Zot:5    | Noticed an ancient lich
 48811 | Zot:5    | Got the Orb of Zot
 48817 | Zot:5    | Noticed a Killer Klown
 48834 | Zot:5    | Noticed an orb of fire
 48834 | Zot:5    | Noticed a dread lich
 48838 | Zot:5    | Killed a Killer Klown
 48865 | Zot:5    | Noticed Zedisiro the pandemonium lord
 48966 | Depths:4 | Reached skill level 21 in Fighting
 49208 | D:8      | Noticed Hiwkyavao the pandemonium lord
 49378 | D:$      | Escaped with the Orb!

Illustrated notes

Levels and vault maps discovered:
D:1:      wheals_arrival_shading, layout_rooms,
          chequers_ecumenical_altar_island, serial_shops, shop_fountains,
          serial_bayou, serial_bayou_lake_a, serial_bayou_shore_b,
          serial_bayou_pond_a, serial_bayou_pond_a,
          chequers_serial_rivers_micro_c
D:2:      layout_basic, basic_altar
D:3:      layout_loops_ring, grunt_temple_overflow_magic_moments,
          mainiacjoe_overflow_cross_hatched, mainiacjoe_overflow_24_doors,
          portal_sewer_entry_e, uniq_ijyb, uniq_terence, uniq_natasha
D:4:      wad_river_or_something, layout_basic,
          mainiacjoe_overflow_six_doors_small, grunt_temple_overflow_cloverleaf,
          minmay_temple_entry_wispy
D:5:      layout_loops_corners, mainiacjoe_overflow_boulevard, uniq_pikel
D:6:      layout_basic, minmay_fractal_squares_diagonal_5
D:7:      layout_gridville, mainiacjoe_overflow_paths, uniq_joseph
D:8:      layout_loops_ring, serial_shops, nicolae_shop_window_shopping
D:9:      layout_stronghold, minmay_lair_entry_grove, erik_orc_1
D:10:     layout_roguey, mainiacjoe_overflow_tiny_flanked, special_room
          [special_room_bee], chequers_serial_rivers_marsh
D:11:     layout_loops_ring, minmay_misc_feat_plants, uniq_sonja
D:12:     layout_basic, serial_shops, nicolae_diamond_shop, uniq_kirke,
          uniq_psyche
D:13:     layout_long_grid, lightli_airlock
D:14:     layout_long_grid, david_vaults_4, nicolae_uskayaw_suspiria,
          serial_shops, shop_statue
D:15:     grunt_enter_depths_magical_seal, layout_irregular_city,
          fedhas_altar_fruit_tree, serial_shops, shop, uniq_louise
Temple:   nicolae_temple_figure_zero
Lair:1:   layout_roguey
Lair:2:   layout_gridlike, grunt_megastairs_1
Lair:3:   layout_loops_ring, swamp_mist, spider_nest_entry_a,
          gauntlet_entry_generic, lemuel_fruit_tree
Lair:4:   layout_hall_layers, nicolae_volcano_entry_batcave
Lair:5:   layout_cave_pods, small_statue_intersection
Lair:6:   evilmike_catoblepas_cave, layout_big_grid, slime_altar_1,
          grunt_megastairs_2, serial_bayou_shore_b, serial_bayou_shore_a
Swamp:1:  layout_basic_swamp, nicolae_swamp_dense_foliage, swamp_pool1,
          uniq_frances, uniq_aizul
Swamp:2:  layout_basic_swamp, ebering_ghost_funeral_grove,
          evilmike_swamp_ruin_house_2, infiniplex_staircase_pool, uniq_nikola
Swamp:3:  layout_basic_swamp, evilmike_swamp_ruin_house_5, swamp_pool1,
          nicolae_swamp_drake_lake, uniq_roxanne
Swamp:4:  swamp_pestilence, layout_basic_swamp, swamp_pool1,
          nicolae_swamp_big_swirl
Spider:1: layout_spider_delve
Spider:2: layout_spider_delve, hangedman_spider_tarantella_strand
Spider:3: layout_spider_delve, uniq_arachne, uniq_donald, uniq_azrael
Spider:4: grunt_spider_rune_parallel, drop_trap
Orc:1:    layout_caves
Orc:2:    grunt_orc_cross, layout_diamond_mine, basic_altar
Vaults:1: vaults_room_large_hall, v_misc_16, nicolae_vaults_big_ls,
          v_alt_pattern_1, special_room_vaults [special_room_orc], v_rooms_4,
          ontoclasm_vaults_pinch, nicolae_vaults_theta, vaults_dpeg_ring,
          layout_vaults_ring, serial_shops, shop
Vaults:2: hangedman_vaults_trim, nicolae_vaults_windows_and_doors_thing,
          vaults_room_large_hall, vaults_room_door_ring, vaults_room_octagon,
          minmay_crypt_entry_simple_corners, v_misc_30,
          vaults_dpeg_encased_lava, v_misc_26, nicolae_vaults_little_squares_3,
          nicolae_vaults_theta, vaults_room_ringed_pool, hangedman_vaults_snaps,
          ontoclasm_vaults_spin, layout_vaults_omnibox, serial_shops,
          nicolae_shop_window_shopping, shop, uniq_mara
Vaults:3: vaults_room_grunt_arrival_checkpoint,
          nicolae_vaults_network_periphery, hangedman_vaults_corner,
          grunt_vaults_twisty, nicolae_vaults_network_star,
          ontoclasm_vaults_decontamination, grunt_vaults_hallway_short,
          v_misc_8, hangedman_vaults_locks, nicolae_vaults_bisected_slash,
          layout_vaults_maze
Vaults:4: nicolae_vaults_network_square, v_rooms_2, ontoclasm_vaults_ring_small,
          vaults_room_corners, ontoclasm_vaults_idyll,
          nicolae_vaults_little_squares_6, layout_vaults_omnigrid, serial_shops,
          shop_fountains
Vaults:5
Depths:1: layout_gridlike, enter_ziggurat_b, hell_entry,
          chequers_serial_rivers_room_b, grunt_ministairs_4,
          kennysheep_generic_room_6, grunt_megastairs_5, minmay_shoptagon
Depths:2: wad_cavern_with_rooms, layout_basic, serial_shops, shop,
          rand_demon_pan_entry_7, serial_bayou_pond_d,
          grunt_hell_entry_dis_grunt, hangedman_decor_riveting,
          infiniplex_staircase_pillars_3a, serial_bayou_shore_b
Depths:3: kennysheep_large_spiral, layout_cave_pools, minmay_strange_pillars,
          abyss_entry, pf_hell_entry_tar_spiral, uniq_margery
Depths:4: grunt_zot_entry_funnels, layout_basic, hell_entry, skrybe_limestone_x,
          grunt_megastairs_3
Zot:1:    layout_misc_corridors, zot_minivault_7
Zot:2:    layout_concentric_octagons
Zot:3:    layout_gridlike, hangedman_zot_wheel_spokes
Zot:4:    layout_onion
Zot:5:    layout_twisted_circle

Skill      XL: |  1  2  3  4  5  6  7  8  9 10 11 12 13 14 15 16 17 18 19 20 21 |
---------------+----------------------------------------------------------------+-----
Axes           | 4 5 6 7 8 12 15 18 19 20 22 24 | 24.0
Fighting       | 5 7 8 9 12 13 14 16 19 20 21 | 21.3
Spellcasting   | 2 3 6 |  6.0
Armour         | 3 4 6 10 15 18 | 18.1
Evocations     | 3 7 8 14 17 18 20 | 20.0
Stealth        | 0 |  0.0
Dodging        | 6 7 10 13 15 | 15.0
Bows           | 6 11 12 | 12.4

Action                   |  1- 3 |  4- 6 |  7- 9 | 10-12 | 13-15 | 16-18 | 19-21 || total
-------------------------+-------+-------+-------+-------+-------+-------+-------++-------
Melee: Hand axe          |   114 |   210 |   340 |       |       |       |       ||   664
       Short sword       |       |       |   699 |       |       |       |       ||   699
       Battleaxe         |       |       |   510 |   719 |  1094 |  1664 |  1350 ||  5337
       Trident           |       |       |     6 |    17 |       |       |       ||    23
       Executioner's axe |       |       |       |       |       |       |    17 ||    17
 Fire: Hunting sling     |    71 |     4 |       |       |       |       |       ||    75
       Longbow           |       |       |       |   229 |   908 |       |       ||  1137
Throw: Boomerang         |     5 |     4 |     5 |       |       |       |       ||    14
       Dart              |       |     2 |       |     5 |       |       |     3 ||    10
Invok: Sacrifice Experie |       |       |     1 |       |       |       |       ||     1
       Sacrifice an Eye  |       |       |     1 |       |       |       |       ||     1
       Draw Out Power    |       |       |    11 |    26 |    32 |     8 |    12 ||    89
       Sacrifice Stealth |       |       |     1 |       |       |       |       ||     1
       Sacrifice Arcana  |       |       |     1 |       |       |       |       ||     1
       Sacrifice Health  |       |       |       |     1 |       |       |       ||     1
       Power Leap        |       |       |       |     1 |     5 |       |     2 ||     8
       Sacrifice Purity  |       |       |       |     1 |       |       |       ||     1
       Apocalypse        |       |       |       |     2 |     2 |     1 |       ||     5
 Abil: Heal Wounds       |     2 |     1 |    19 |       |     4 |       |    11 ||    37
Evoke: Wand              |       |       |    10 |    10 |     6 |     3 |     9 ||    38
       Condenser vane    |       |       |       |     1 |     2 |     2 |       ||     5
       Phantom mirror    |       |       |       |       |       |     1 |     1 ||     2
       Box of beasts     |       |       |       |       |       |       |     1 ||     1
  Use: Scroll            |       |     1 |    23 |     8 |    12 |    12 |    35 ||    91
       Potion            |       |       |       |       |     6 |     2 |     9 ||    17
 Stab: Distracted        |       |     1 |     5 |     3 |     9 |     8 |    15 ||    41
       Invisible         |       |       |     3 |    10 |    15 |    17 |    19 ||    64
       Confused          |       |       |     1 |       |     1 |       |       ||     2
       Paralysed         |       |       |       |     6 |    14 |     7 |     3 ||    30
       Petrified         |       |       |       |     7 |       |       |       ||     7
       Petrifying        |       |       |       |     1 |       |       |       ||     1
Armor: Ring mail         |    23 |       |       |       |       |       |       ||    23
       Robe              |     1 |       |       |       |       |       |       ||     1
       Scale mail        |    13 |   131 |   959 |    56 |       |       |       ||  1159
       Plate armour      |       |       |       |   527 |     9 |       |       ||   536
       Chain mail        |       |       |       |       |  1128 |   581 |       ||  1709
       Gold dragon scale |       |       |       |       |       |   342 |   842 ||  1184
Dodge: Dodged            |    61 |   126 |   874 |   255 |   738 |   664 |   379 ||  3097
       Repelled          |       |       |       |       |       |       |    16 ||    16
Block: Other             |       |       |    62 |   151 |   312 |   298 |   221 ||  1044
       Reflection        |       |       |     1 |     4 |     7 |    13 |     8 ||    33

Table legend: (Time is in decaauts)
 A = Elapsed time spent in this place.
 B = Non-inter-level travel time spent in this place.
 C = Inter-level travel time spent in this place.
 D = Time resting spent in this place.
 E = Time spent auto-exploring this place.
 F = Levels seen in this place.
 G = Mean time per level.
                   A        B        C        D        E       F      G
               +--------+--------+--------+--------+--------+-----+--------+
         Total |  48137 |  43237 |   4900 |   6487 |  24633 |  49 |  982.4 |
       Dungeon |  17395 |  14730 |   2665 |    810 |   9504 |  15 | 1159.7 |
        Temple |    102 |    102 |      0 |      0 |     87 |   1 |  102.0 |
          Lair |   4879 |   4433 |    446 |     51 |   3263 |   6 |  813.2 |
         Swamp |   5569 |   5487 |     82 |   2534 |   1917 |   4 | 1392.2 |
   Spider Nest |   2872 |   2746 |    126 |    472 |   1470 |   4 |  718.0 |
  Orcish Mines |   2045 |   1841 |    204 |     68 |   1200 |   2 | 1022.5 |
        Vaults |   6856 |   5933 |    923 |    206 |   3776 |   5 | 1371.2 |
        Depths |   4411 |   3991 |    420 |      0 |   2809 |   4 | 1102.8 |
           Zot |   2793 |   2760 |     33 |   1962 |    302 |   5 |  558.6 |
         Sewer |    652 |    652 |      0 |    200 |    174 |   1 |  652.0 |
       Volcano |    253 |    253 |      0 |     72 |     17 |   1 |  253.0 |
      Gauntlet |    305 |    305 |      0 |    109 |    111 |   1 |  305.0 |
               +--------+--------+--------+--------+--------+-----+--------+

Top non-repeatable levels by time:
 Swamp:4: 2195 daAuts
   Zot:5: 2032 daAuts
Vaults:5: 1859 daAuts
 Swamp:1: 1759 daAuts
    D:14: 1668 daAuts
     D:9: 1659 daAuts
     D:6: 1468 daAuts
   Orc:2: 1423 daAuts
Vaults:2: 1421 daAuts
     D:4: 1350 daAuts
     D:3: 1300 daAuts
Vaults:4: 1285 daAuts
     D:5: 1273 daAuts
Depths:4: 1198 daAuts
Depths:2: 1184 daAuts
